 Dungeon Crawl Stone Soup version 0.28.0-53-g5a82cb258f (webtiles) character file.

Game seed: 8208434953193030771

72 pkoi the Chiller (level 3, -5/26 HPs)
             Began as a Demigod Ice Elementalist on June 3, 2022.
             Slain by Sigmund
             ... wielding a +0 scythe
              (11 damage)
             ... on level 2 of the Dungeon.
             The game lasted 00:01:51 (2655 turns).

pkoi the Chiller (Demigod Ice Elementalist)         Turns: 2655, Time: 00:01:51

Health: -5/26      AC:  2    Str:  9    XL:     3   Next: 82%
Magic:  3/8        EV: 12    Int: 21    God:
Gold:   47         SH:  0    Dex: 14    Spells: 1/5 levels left

rFire   . . .      SeeInvis .   c - +2 whip (venom)
rCold   . . .      Faith    .   (no shield)
rNeg    . . .      Spirit   .   a - +0 robe
rPois   .          Reflect  .   (no helmet)
rElec   .          Harm     .   (no cloak)
rCorr   .          Rampage  .   (no gloves)
Will    .....                   (no boots)
Stlth   ++........              (no amulet)
HPRegen 0.08/turn               (no ring)
MPRegen 0.11/turn               (no ring)

@: freezing walls
A: high MP 1, forlorn, divine attributes
a: no special abilities


You were on level 2 of the Dungeon.
You visited 1 branch of the dungeon, and saw 2 of its levels.

You collected 47 gold pieces.

Inventory:

Hand Weapons
 b - a +0 short sword
 c - a +2 whip of venom (weapon)
Armour
 a - a +0 robe (worn)


   Skills:
 - Level 1.7 Dodging
 - Level 1.7 Stealth
 - Level 1.7 Spellcasting
 + Level 5.1 Ice Magic


You had one spell level left.
You knew the following spells:

 Your Spells              Type           Power      Damage    Failure   Level
a - Freeze                Ice            92%        1d10      1%          1
b - Frozen Ramparts       Ice            46%        1d6       5%          3

Your spell library contained the following spells:

 Spells                   Type           Power      Damage    Failure   Level
 Ozocubu's Armour         Ice            23%        N/A       5%          3
 Hailstorm                Conj/Ice       12%        3d5       45%         4


Dungeon Overview and Level Annotations

Branches:
Dungeon (2/15)

Shops:
D:1 [

Annotations:
D:2 Sigmund


Innate Abilities, Weirdness & Mutations

You have an increased reservoir of magic. (+10% MP)
You shall have no god before yourself.
Your divine heritage dramatically boosts your attributes as you level up.


Message History

You kill the hobgoblin!
Unknown command.
You start resting.
Sigmund is nearby!
Sigmund is nearby!
Sigmund is nearby!
Your frozen ramparts will break if you move.
Continue?
The frozen ramparts melt away as you move.
Sigmund misses you.
You see here a worm corpse.
Casting: Frozen Ramparts (quite dangerous; 5% risk of failure)
Confirm with . or Enter, or press ? or * to list all spells.
The spell is quite dangerous to miscast (5% risk of failure)!
Continue anyway?
Okay, then.
Unknown command.
Casting: Frozen Ramparts (quite dangerous; 5% risk of failure)
Confirm with . or Enter, or press ? or * to list all spells.
The spell is quite dangerous to miscast (5% risk of failure)!
Continue anyway?
Casting: Frozen Ramparts (quite dangerous; 5% risk of failure)
Press: ? - help, Dir - look around, f - activate The walls around you are covered in ice.
Unknown command.
You hit Sigmund.
Sigmund is lightly wounded.
The wall freezes Sigmund.
Sigmund zaps a wand.
The puff of flame hits you!
* * * LOW HITPOINT WARNING * * *
Unknown command.
You hit Sigmund but do no damage.
Sigmund is poisoned.
Sigmund is moderately wounded.
The wall freezes Sigmund.
Sigmund mumbles some strange words.
Sigmund flickers and vanishes!
Deactivating autopickup; reactivate with Ctrl-A.
The wall freezes something.
You hear some strange, mumbled words.
A magic dart appears from out of thin air!
The magic dart hits you.
* * * LOW HITPOINT WARNING * * *
You miss something.
The wall freezes something.
Something hits you!
You die...

#........# ...# #.#
###........# ....
#.# #..........#
...##.#
#.........##
#..#.####......##.#
#####.#.##........#
.#
........##.##[.####
# ........##{##..#
........<@.#####
.......>####
.<......# .........
#######.. #... #...
#...#


There were no monsters in sight!

Vanquished Creatures
  Jessica (D:2)
  An adder (D:2)
  A worm (D:2)
  2 dart slugs (D:1)
  2 endoplasms (D:1)
  2 goblins (D:1)
  6 hobgoblins
  3 kobolds (D:1)
  A quokka (D:1)
  3 ball pythons (D:1)
  3 bats
  2 frilled lizards (D:1)
  2 rats (D:1)
29 creatures vanquished.

Notes
Turn   | Place    | Note
-------+----------+-------------------------------------------
     0 | D:1      | pkoi the Demigod Ice Elementalist began the quest for the
                  | Orb.
     0 | D:1      | Reached XP level 1. HP: 14/14 MP: 5/5
    73 | D:1      | Found Moulyr's Armour Shoppe.
   385 | D:1      | Reached skill level 4 in Ice Magic
   795 | D:1      | Reached XP level 2. HP: 19/20 MP: 4/7
  2018 | D:2      | Reached XP level 3. HP: 22/26 MP: 5/8
  2208 | D:2      | Noticed Jessica
  2210 | D:2      | Killed Jessica
  2211 | D:2      | Reached skill level 5 in Ice Magic
  2580 | D:1      | Learned a level 3 spell: Frozen Ramparts
  2619 | D:2      | Noticed Sigmund
  2655 | D:2      | Slain by Sigmund

Illustrated notes

Levels and vault maps discovered:
D:1:      mrwooster_arrival_statue_3, layout_loops_corners, serial_shops,
          nicolae_lakefront_shop, solitary_fountain, minivault_27,
          serial_bayou_ford_a
D:2:      layout_basic, minmay_misc_feat_five, nicolae_underground_beach,
          uniq_sigmund, uniq_jessica

Skill      XL: |  1  2  3 |
---------------+----------+-----
Ice Magic      | 4 5 |  5.1
Dodging        | |  1.7
Stealth        | |  1.7
Spellcasting   | |  1.7

Action                   || total
-------------------------++-------
Melee: Unarmed           ||     4
       Short sword       ||    12
       Whip              ||     3
 Cast: Freeze            ||    50
       Frozen Ramparts   ||     2
 Stab: Sleeping          ||     2
Armor: Robe              ||    11
Dodge: Dodged            ||    33
